 Dungeon Crawl Stone Soup version 0.32-a0-643-ga006e7742e (webtiles) character file.

Game seed: 12647176089497292356

4241 backslashecho the Cleaver (level 10, -13/80 HPs)
             Began as a Demonspawn Fighter on Mar 8, 2024.
             Was a Follower of Makhleb.
             Incinerated by a deep elf pyromancer (15 damage)
             ... with a pyre arrow
             ... on level 9 of the Dungeon.
             The game lasted 00:15:50 (7389 turns).

backslashecho the Cleaver (Demonspawn Fighter)      Turns: 7389, Time: 00:15:50

Health: -13/80     AC: 18    Str: 18 (20) XL:     10   Next: 9%
Magic:  13/13      EV: 10    Int: 12 (13) God:    Makhleb [*.....]
Gold:   472        SH:  5    Dex: 11 (14) Spells: 9/9 levels left

rFire   . . .        D - +0 war axe (flame)
rCold   . . .        c - +0 buckler
rNeg    . . .        y - +7 ring mail of Tempters {Int+5 SInv}
rPois   +            (helmet restricted)
rElec   .            (no cloak)
rCorr   .            (no gloves)
SInv    +            H - +0 pair of boots
Will    .....        B - amulet of faith Stlth
                     l - ring of poison resistance
HPRegen 0.33/turn    w - +4 ring of protection
MPRegen 0.13/turn

%: faith
@: on fire, glowing
A: horns 1, icemail 2, spiny 1, sharp scales 1, condensation shield, corrupting
presence 1
a: Renounce Religion


You were on level 9 of the Dungeon.
You worshipped Makhleb.
Makhleb was aware of your devotion.
You visited 2 branches of the dungeon, and saw 10 of its levels.

You collected 472 gold pieces.

Inventory:

Hand Weapons
 a - a +0 war axe
 D - a +0 war axe of flaming (weapon)
Missiles
 G - 17 poisoned darts (quivered)
Armour
 c - a +0 buckler (worn)
 y - the +7 ring mail of Tempters (worn) {Int+5 SInv}
   (You found it on level 5 of the Dungeon)

   Int+5:     It affects your intelligence (+5).
   SInv:      It lets you see invisible.
 H - a +0 pair of boots (worn)
 I - +0 acid dragon scales
Jewellery
 h - a ring of positive energy
 l - a ring of poison resistance (left hand)
 w - a +4 ring of protection (right hand)
 B - an amulet of faith (around neck)
Wands
 b - a wand of polymorph (11)
 u - a wand of acid (11)
 x - a wand of warping (7)
 C - a wand of digging (6)
Scrolls
 f - a scroll of blinking
 g - 3 scrolls of immolation {unknown}
 i - 2 scrolls of revelation {unknown}
 k - 2 scrolls of fog
 n - 4 scrolls of teleportation {unknown}
 o - a scroll of enchant armour {unknown}
 q - a scroll of butterflies {unknown}
 s - 3 scrolls of noise {unknown}
 v - a scroll of enchant weapon {unknown}
 E - a scroll of brand weapon {unknown}
 K - a scroll of fear {unknown}
Potions
 d - a potion of might
 j - a potion of invisibility
 m - a potion of mutation
 p - 4 potions of lignification
 r - 4 potions of haste
 t - 2 potions of enlightenment
 z - a potion of berserk rage
 A - a potion of brilliance
 F - 4 potions of curing


   Skills:
 + Level 7.7 Fighting
 * Level 9.5 Axes
 - Level 2.6 Armour
 + Level 7.1 Shields
 + Level 4.3 Invocations


You had 9 spell levels left.
You didn't know any spells.
Your spell library contained the following spells:

 Spells                   Type           Power      Damage    Failure   Level
 Slow                     Hex            0%         N/A       56%         1
 Confusing Touch          Hex            0%         N/A       91%         3
 Gell's Gravitas          Tloc           0%         N/A       91%         3
 Ozocubu's Armour         Ice            0%         N/A       91%         3
 Sigil of Binding         Hex            0%         N/A       91%         3
 Teleport Other           Tloc           0%         N/A       91%         3
 Vampiric Draining        Necr           0%         2d6       91%         3
 Metabolic Englaciation   Hex/Ice        0%         N/A       100%        5
 Summon Forest            Summ/Tloc      0%         N/A       100%        5
 Summon Mana Viper        Hex/Summ       0%         N/A       100%        5
 Dispersal                Tloc           0%         N/A       100%        6
 Sculpt Simulacrum        Ice/Alch       0%         N/A       100%        6
 Summon Cactus Giant      Summ           0%         N/A       100%        6


Dungeon Overview and Level Annotations

Branches:
Dungeon (9/15)             Temple (1/1) D:6             Orc (0/2) D:9
   Lair: D:8-11

Altars:
Ashenzari
Cheibriados
Dithmenos
Fedhas
Gozag
Hepliaklqana
Kikubaaqudgha
Makhleb
Nemelex Xobeh
Okawaru
Qazlal
Ru
Sif Muna
Trog
Uskayaw
Vehumet
Wu Jian
Yredelemnul

Annotations:
D:6 2 transporters, SageDae's ghost, novice CoGl


Innate Abilities, Weirdness & Mutations

You have a pair of small horns on your head.
A meltable icy envelope protects you from harm. (AC +0)
You are partially covered in sharp spines.
You are partially covered in razor-sharp scales. (AC +1, Slay +1)
A meltable shield of frost defends you. (SH +0)
Your presence sometimes corrodes those you injure.


Message History

You hit the bullfrog.
Your corrupting presence corrodes the bullfrog!
You burn the bullfrog. The bullfrog is struck by your spines.
The bullfrog hits you but does no damage. x2
You hit the bullfrog. You burn the bullfrog.
You kill the bullfrog!
Makhleb accepts your kill.
The kobold brigand throws a poisoned dart.
The poisoned dart hits you!
The kobold brigand throws a poisoned dart.
The poisoned dart closely misses you.
You slash the kobold brigand! You burn the kobold brigand.
You kill the kobold brigand!
Makhleb accepts your kill. The wight completely misses you.
You hit the wight but do no damage.
Your icy envelope is restored.
The wight misses you.
You slash the wight! You burn the wight.
The wight is heavily damaged.
The wight is struck by your spines. The wight hits you with a +0 spear.
You take 1 damage, and have 77/80 hp.
You barely miss the wight.
The wight is severely damaged.
The wight is struck by your spines. The wight hits you but does no damage.
You slash the wight! You burn the wight.
You destroy the wight!
Makhleb accepts your kill.
You feel better.
You regained 2 hp, and now have 79/80 hp.
No target in view!
G - 17 poisoned darts (gained 5)
You see here a +0 dagger.
A deep elf pyromancer comes into view. It is wielding a +0 rapier.
The deep elf pyromancer shouts!
The deep elf pyromancer gestures at you while chanting.
The pyre arrow hits you.
Your icy defences dissipate!
You are covered in intense liquid fire!
Health restored: 80 You are on fire!
You are on fire!
Found a potion of curing.
You shake off some of the fire as you move.
The liquid fire burns you!
You take 9 damage, and have 71/80 hp.
You hit the deep elf pyromancer. You burn the deep elf pyromancer.
Your headbutt misses the deep elf pyromancer.
The deep elf pyromancer is lightly wounded.
The liquid fire burns you!
The deep elf pyromancer is struck by your spines.
The deep elf pyromancer hits you with a +0 rapier.
You take 12 damage, and have 59/80 hp.
You closely miss the deep elf pyromancer.
You headbutt the deep elf pyromancer.
The deep elf pyromancer is lightly wounded.
The liquid fire burns you!
The deep elf pyromancer mumbles some strange words.
A steam dragon comes into view.
The deep elf pyromancer gestures wildly while chanting.
The deep elf pyromancer blinks!
The steam dragon hisses angrily.
You take 11 damage, and have 48/80 hp.
You closely miss the deep elf pyromancer.
Your headbutt misses the deep elf pyromancer.
The deep elf pyromancer is lightly wounded.
The liquid fire burns you!
The deep elf pyromancer hits you but does no damage.
You take 14 damage, and have 34/80 hp.
You slash the deep elf pyromancer! You burn the deep elf pyromancer.
The deep elf pyromancer is heavily wounded.
You closely miss the fire elemental. The liquid fire burns you!
* * * LOW HITPOINT WARNING * * *
The fire elemental closely misses you.
You block the deep elf pyromancer's attack.
You take 14 damage, and have 20/80 hp.
You hit the deep elf pyromancer. You burn the deep elf pyromancer.
The deep elf pyromancer is heavily wounded.
You hit the fire elemental. The liquid fire burns you!
* * * LOW HITPOINT WARNING * * *
You block the fire elemental's attack.
The deep elf pyromancer casts a spell at you.
The pyre arrow hits you.
You are even more covered in intense liquid fire!
You block the fire elemental's attack.
You take 10 damage, and have 10/80 hp.
You shake off some of the fire as you move.
The liquid fire burns you!
* * * LOW HITPOINT WARNING * * *
The deep elf pyromancer gestures wildly while chanting.
The deep elf pyromancer blinks!
You take 8 damage, and have 2/80 hp.
Okay, then.
Unknown command.
It was a potion of degeneration.
There was something very wrong with that liquid.
You feel weakened.
You feel dopey.
You feel clumsy. The liquid fire burns you!
You die...

###....# . #.# #........##
..#..#.# . #...##........#
..#....# .## #.....####..#
..#....# °. #.##........#
###.)<.# #○### #........#
....#### .°° #.######+# ##))# #☼#
#.#....... ##..#
#.#####E#####......... .)..#
#.....@.§...e..####### ..>.#
############...# ....# #####
###.# ....# ###### ##### #....#
#....# #....#
##+######....###############+####


You could see a deep elf pyromancer and a fire elemental (summoned).

Vanquished Creatures
  Jeremiah (D:6)
  Psyche (D:8)
  Grinder (D:3)
  A wyvern (D:8)
  A steam dragon (D:7)
  2 water moccasins
  3 ice beasts
  2 orc warriors (D:8)
  A sky beast (D:8)
  A black bear (D:6)
  An ogre (D:7)
  2 centaurs
  2 kobold brigands
  A brain worm (D:6)
  4 bullfrogs
  2 scorpions (D:6)
  8 wights
  A killer bee (D:9)
  2 howler monkeys
  A jelly (D:6)
  4 bombardier beetles
  6 orc priests
  4 hounds
  A sleepcap (D:5)
  5 iguanas
  Natasha (D:2)
  8 orc wizards
  Robin (D:4)
  4 adders
  A shadow imp (D:5)
  3 white imps
  2 ufetubi (D:5)
  A dart slug (D:1)
  20 orcs
  8 ball pythons
  9 bats
  2 endoplasms
  2 giant cockroaches
  19 goblins
  13 hobgoblins
  6 kobolds
  3 quokkas
  3 frilled lizards (D:2)
  7 rats
171 creatures vanquished.

Notes
Turn   | Place    | Note
-------+----------+-------------------------------------------
     0 | D:1      | backslashecho the Demonspawn Fighter began the quest for
                  | the Orb.
     0 | D:1      | Reached XP level 1. HP: 18/18 MP: 1/1
    34 | D:1      | Reached skill level 2 in Axes
    80 | D:1      | Gained mutation: You have a pair of small horns on your
                  | head. [demonic ancestry]
    80 | D:1      | Reached XP level 2. HP: 7/24 MP: 2/2
   646 | D:2      | Gained mutation: You are partially covered in razor-sharp
                  | scales. (AC +1, Slay +1) [demonic ancestry]
   646 | D:2      | Reached XP level 3. HP: 28/29 MP: 3/3
   794 | D:2      | Noticed Natasha
   803 | D:2      | Killed Natasha
   903 | D:2      | Reached skill level 3 in Axes
   903 | D:2      | Reached XP level 4. HP: 26/35 MP: 4/4
  1563 | D:3      | Noticed Grinder
  1571 | D:3      | Paralysed by Grinder for 4 turns
  1578 | D:3      | Killed Grinder
  1579 | D:3      | Reached skill level 4 in Axes
  1579 | D:3      | Gained mutation: You are partially covered in sharp spines.
                  | [demonic ancestry]
  1579 | D:3      | Reached XP level 5. HP: 10/42 MP: 5/5
  1579 | D:3      | Gained mutation: A meltable shield of frost defends you.
                  | (SH +0) [demonic ancestry]
  1579 | D:3      | Reached XP level 6. HP: 11/48 MP: 6/6
  1987 | D:4      | Found a hide-covered altar of Uskayaw.
  2206 | D:4      | Noticed Robin
  2232 | D:4      | Killed Robin
  2689 | D:5      | Entered Level 5 of the Dungeon
  2689 | D:5      | Found a shadowy altar of Dithmenos.
  2787 | D:5      | Reached skill level 5 in Axes
  2814 | D:5      | Gained mutation: A meltable icy envelope protects you from
                  | harm. (AC +0) [demonic ancestry]
  2814 | D:5      | Reached XP level 7. HP: 45/55 MP: 7/7
  3000 | D:5      | Reached skill level 5 in Fighting
  3002 | D:5      | Identified the +7 ring mail of Tempters {Int+5 SInv}
  3220 | D:5      | Reached skill level 6 in Axes
  3280 | D:5      | You fall into a shaft and drop 3 floors!
  3376 | D:8      | Noticed Psyche
  3380 | D:8      | Reached skill level 5 in Shields
  3380 | D:8      | Gained mutation: A meltable icy envelope protects you from
                  | harm. (AC +0) [demonic ancestry]
  3380 | D:8      | Reached XP level 8. HP: 20/63 MP: 8/8
  3383 | D:8      | Killed Psyche
  3639 | D:7      | Reached skill level 7 in Axes
  4471 | D:5      | Reached XP level 9. HP: 71/71 MP: 9/9
  4662 | D:6      | Noticed Maggie
  4664 | D:6      | Maggie changed into Maggie the brain worm
  4664 | D:6      | Noticed Maggie
  4668 | D:6      | Killed Maggie the brain worm
  4669 | D:6      | Reached skill level 8 in Axes
  4946 | D:6      | Found a staircase to the Ecumenical Temple.
  4959 | Temple   | Entered the Ecumenical Temple
  4969 | Temple   | Became a worshipper of Makhleb the Destroyer
  5079 | D:6      | Found a transporter.
  5175 | D:6      | Found a transporter.
  5180 | D:6      | Reached skill level 1 in Invocations
  5240 | D:6      | Noticed Jeremiah
  5255 | D:6      | Killed Jeremiah
  5495 | D:6      | Noticed SageDae's ghost (novice CoGl)
  5502 | D:6      | Identified the ring "Caytuhu" {Wiz rC- rN+ Will+ Stlth+}
  6348 | D:8      | Reached skill level 9 in Axes
  7158 | D:9      | Found a staircase to the Orcish Mines.
  7172 | D:9      | Gained mutation: Your presence sometimes corrodes those you
                  | injure. [demonic ancestry]
  7172 | D:9      | Reached XP level 10. HP: 79/79 MP: 11/13
  7352 | D:9      | Reached * piety under Makhleb
  7381 | D:9      | Noticed a deep elf pyromancer
  7388 | D:9      | HP: 2/80 [burnt (8)]
  7389 | D:9      | Incinerated by a deep elf pyromancer

Illustrated notes

Levels and vault maps discovered:
D:1:      wheals_arrival_shading, layout_rooms
D:2:      layout_loops_ring, uniq_natasha
D:3:      minmay_evil_eye, layout_basic, amcnicky_altar_gilded, uniq_grinder
D:4:      layout_basic, mainiacjoe_overflow_catwalk, minmay_stone_trees_small,
          uniq_robin
D:5:      layout_basic, mainiacjoe_overflow_alcove_4
D:6:      layout_loops_corners, minmay_temple_entry_stoned_glass,
          gammafunk_ghost_gnarly_gnolls, uniq_jeremiah, uniq_maggie
D:7:      layout_loops_corners
D:8:      layout_basic, bh_walls_and_bars, uniq_psyche
D:9:      minmay_the_grid_plus [minmay_the_grid_outer_circle,
          minmay_the_grid_large_cup, minmay_the_grid_tiny_cups,
          minmay_the_grid_rooms, minmay_the_grid_prize_four_corners],
          layout_stronghold, orc_0_dummy
Temple:   mainiacjoe_temple_coin_purse

Skill      XL: |  1  2  3  4  5  6  7  8  9 |
---------------+----------------------------+-----
Axes           | 2 3 4 5 6 7 9 |  9.5
Shields        | 3 4 5 6 7 |  7.1
Fighting       | 4 5 6 7 |  7.7
Invocations    | 4 |  4.3
Armour         | |  2.6

Action                     |  1- 3 |  4- 6 |  7- 9 | 10-12 || total
---------------------------+-------+-------+-------+-------++-------
  Melee: War axe           |    70 |   124 |   237 |    23 ||   454
         Headbutt          |     5 |    19 |    50 |     6 ||    80
  Evoke: Wand              |       |       |     6 |       ||     6
    Use: Potion            |       |     1 |     1 |     1 ||     3
         Scroll            |       |       |    11 |       ||    11
 Armour: Scale mail        |    67 |    88 |    12 |       ||   167
         Ring mail         |       |       |   115 |    16 ||   131
  Dodge: Dodged            |    32 |    45 |    76 |     9 ||   162
  Block: Buckler           |    30 |    52 |   106 |    11 ||   199

Table legend: (Time is in decaauts)
 A = Elapsed time spent in this place.
 B = Non-inter-level travel time spent in this place.
 C = Inter-level travel time spent in this place.
 D = Time resting spent in this place.
 E = Time spent auto-exploring this place.
 F = Levels seen in this place.
 G = Mean time per level.
                   A        B        C        D        E       F      G
               +--------+--------+--------+--------+--------+-----+--------+
         Total |   7496 |   7052 |    444 |    270 |   5299 |  10 |  749.6 |
       Dungeon |   7476 |   7049 |    427 |    270 |   5299 |   9 |  830.7 |
        Temple |     19 |      2 |     17 |      0 |      0 |   1 |   19.0 |
               +--------+--------+--------+--------+--------+-----+--------+

Top non-repeatable levels by time:
     D:7: 1320 daAuts
     D:8: 1240 daAuts
     D:6: 1112 daAuts
     D:4: 816 daAuts
     D:2: 810 daAuts
     D:5: 727 daAuts
     D:3: 622 daAuts
     D:1: 578 daAuts
     D:9: 247 daAuts
  Temple: 19 daAuts
